 Dungeon Crawl Stone Soup version 0.28-a0-863-g8cecda6153 (webtiles) character file.

Game seed: 15758202945420832025

271 horus123 the Magician (level 6, -2/32 HPs)
             Began as a Deep Elf Hedge Wizard on Nov 17, 2021.
             Was an Initiate of Sif Muna.
             Slain by an iguana (12 damage)
             ... on level 5 of the Dungeon.
             The game lasted 00:09:48 (5025 turns).

horus123 the Magician (Deep Elf Hedge Wizard)       Turns: 5025, Time: 00:09:49

Health: -2/32      AC:  6    Str:  7    XL:     6   Next: 2%
Magic:  11/15      EV: 12    Int: 21    God:    Sif Muna [......]
Gold:   65         SH:  0    Dex: 14    Spells: 2/15 levels left

rFire   . . .      SeeInvis +   f - +0 short sword
rCold   . . .      Faith    .   (no shield)
rNeg    . . .      Spirit   .   d - +1 animal skin
rPois   .          Reflect  .   g - +2 helmet
rElec   .          Harm     .   e - scarf {+Inv}
rCorr   .          Rampage  .   (no gloves)
Will    .....                   (no boots)
Stlth   ++........              (no amulet)
HPRegen 0.10/turn               m - ring of see invisible
MPRegen 0.14/turn               (no ring)

@: no status effects
A: no striking features
a: Renounce Religion, Evoke Invisibility


You were on level 5 of the Dungeon.
You worshipped Sif Muna.
Sif Muna was noncommittal.
You visited 1 branch of the dungeon, and saw 4 of its levels.

You collected 65 gold pieces.

Inventory:

Hand Weapons
 a - a +0 dagger
 f - a +0 short sword (weapon)
Armour
 b - a +0 robe
 c - a +0 hat
 d - a +1 animal skin (worn)
 e - a scarf of invisibility (worn)
 g - a +2 helmet (worn)
Jewellery
 m - a ring of see invisible (left hand)
Wands
 n - a wand of flame (32)
Potions
 h - a potion of cancellation
 i - 2 potions of resistance {unknown}
 k - a potion of ambrosia
 l - a potion of haste {unknown}


   Skills:
 - Level 2.4 Dodging
 - Level 2.4 Stealth
 - Level 5.1 Spellcasting
 - Level 4.0 Conjurations
 - Level 3.1 Hexes
 - Level 1.1 Summonings
 - Level 1.1 Translocations
 + Level 3.5 Transmutations


You had 2 spell levels left.
You knew the following spells:

 Your Spells              Type           Power      Damage    Failure   Level
a - Magic Dart            Conj           88%        1d7       1%          1
b - Slow                  Hex            72%        N/A       3%          1
c - Dazzling Flash        Conj/Hex       40%        N/A       8%          3
d - Stone Arrow           Conj/Erth      26%        3d8       14%         3
e - Blade Hands           Tmut           10%        N/A       56%         5

Your spell library contained the following spells:

 Spells                   Type           Power      Damage    Failure   Level
 Passwall                 Tmut/Erth      10%        N/A       8%          2
 Sandblast                Erth           10%        2d5       11%         1
 Blink                    Tloc           20%        N/A       11%         2
 Call Imp                 Summ           10%        N/A       11%         2
 Conjure Flame            Conj/Fire      13%        6-21      14%         3
 Portal Projectile        Hex/Tloc       28%        N/A       14%         3
 Mephitic Cloud           Conj/Pois/Air  11%        N/A       19%         3
 Iskenderun's Mystic Bla  Conj/Tloc      16%        2d5       36%         4
 Excruciating Wounds      Necr           2%         N/A       96%         5
 Starburst                Conj/Fire      6%         6d4       100%        6


Dungeon Overview and Level Annotations

Branches:
Dungeon (3/15)

Altars:
Cheibriados
Sif Muna
Uskayaw


Message History

The iguana bites you!
The magic dart hits the iguana but does no damage.
The iguana is heavily wounded.
The iguana closely misses you.
The magic dart hits the iguana.
The iguana is heavily wounded.
The iguana bites you.
Aiming: Magic Dart (safe; 1% risk of failure)
Press: ? - help, Q - select action, (/) - cycle Shift-Dir - straight line, f/p - iguana
Aim: an iguana (heavily wounded, 100% to hit)
The magic dart hits the iguana.
The iguana is heavily wounded.
The iguana barely misses you. Magic courses through your body.
The iguana misses you.
Aiming: Magic Dart (safe; 1% risk of failure)
Press: ? - help, Q - select action, (/) - cycle Shift-Dir - straight line, f/p - iguana
Aim: an iguana (heavily wounded, 100% to hit)
The magic dart hits the iguana but does no damage.
The iguana is heavily wounded.
The iguana bites you.
Aiming: Magic Dart (safe; 1% risk of failure)
Press: ? - help, Q - select action, (/) - cycle Shift-Dir - straight line, f/p - iguana
Aim: an iguana (heavily wounded, 100% to hit)
The magic dart hits the iguana.
The iguana is almost dead.
The iguana closely misses you.
Unknown command.
Aiming: Magic Dart (safe; 1% risk of failure)
Press: ? - help, Q - select action, (/) - cycle Shift-Dir - straight line, f/p - iguana
Aim: an iguana (almost dead, 100% to hit)
The magic dart hits the iguana.
The iguana is almost dead.
The iguana bites you but does no damage.
Aiming: Magic Dart (safe; 1% risk of failure)
Press: ? - help, Q - select action, (/) - cycle Shift-Dir - straight line, f/p - iguana
Aim: an iguana (almost dead, 100% to hit)
The magic dart hits the iguana but does no damage.
The iguana is almost dead.
The iguana bites you!
You die...

... ....# #.#.# #.#.#.
#.#.#. # #.#.#.
....#################.#.#.
........l@................
####.###########.####.....
#.# #...#. #.# #...'. #.#
#...#. #.# #...#. #.#
#...#. ###.####...##
#.....#######


You could see an iguana.

Vanquished Creatures
  Blork the orc (D:5)
  An iguana (D:5)
  Jessica (D:2)
  Ijyb (D:3)
  A mummy (D:3)
  Robin (D:2)
  A howler monkey skeleton (D:5)
  An adder (D:5)
  A gnoll (D:1)
  A dart slug (D:3)
  6 orcs
  3 endoplasms (D:1)
  2 giant cockroaches
  13 goblins
  6 hobgoblins
  5 kobolds
  3 quokkas (D:2)
  4 ball pythons
  6 bats
  3 frilled lizards
  5 rats
66 creatures vanquished.

Vanquished Creatures (others)
  4 fungi (D:2)
  4 plants (D:2)
8 creatures vanquished.

Grand Total: 74 creatures vanquished

Notes
Turn   | Place    | Note
-------+----------+-------------------------------------------
     0 | D:1      | horus123 the Deep Elf Hedge Wizard began the quest for the
                  | Orb.
     0 | D:1      | Reached XP level 1. HP: 10/10 MP: 7/7
    21 | D:1      | Learned a level 1 spell: Slow
   215 | D:1      | Reached XP level 2. HP: 15/15 MP: 5/9
   987 | D:1      | Reached skill level 1 in Hexes
   987 | D:1      | Reached XP level 3. HP: 19/19 MP: 6/10
  1084 | D:1      | Learned a level 3 spell: Dazzling Flash
  1459 | D:2      | Noticed Jessica
  1465 | D:2      | Killed Jessica
  1854 | D:2      | Reached XP level 4. HP: 24/24 MP: 9/12
  2245 | D:2      | Found a shimmering blue altar of Sif Muna.
  2268 | D:2      | Became a worshipper of Sif Muna the Loreminder
  2368 | D:2      | Noticed Robin
  2384 | D:2      | Killed Robin
  2385 | D:2      | Reached skill level 5 in Spellcasting
  2914 | D:2      | Found a faded altar of an unknown god.
  3058 | D:2      | Learned a level 3 spell: Stone Arrow
  3878 | D:3      | Noticed Ijyb
  3883 | D:3      | Paralysed by Ijyb for 7 turns
  3892 | D:3      | Paralysed by Ijyb for 3 turns
  4274 | D:3      | Killed Ijyb
  4275 | D:3      | Reached XP level 5. HP: 5/28 MP: 2/14
  4548 | D:3      | Learned a level 5 spell: Blade Hands
  4593 | D:3      | Found a snail-covered altar of Cheibriados.
  4656 | D:3      | You fall into a shaft and drop 2 floors!
  4656 | D:5      | Entered Level 5 of the Dungeon
  4671 | D:5      | Reached skill level 1 in Transmutations
  4768 | D:5      | Found a hide-covered altar of Uskayaw.
  4777 | D:5      | Noticed Blork the orc
  4786 | D:5      | Killed Blork the orc
  5007 | D:5      | Reached XP level 6. HP: 32/32 MP: 11/15
  5025 | D:5      | Slain by an iguana

Illustrated notes

Levels and vault maps discovered:
D:1:      minmay_arrival_cross, layout_basic
D:2:      layout_loops_ring, serial_aquarium, aquarium_bridge_straight
          [aquarium_subvault_bridge, aquarium_subvault_wall,
          aquarium_subvault_bridge, aquarium_subvault_window],
          aquarium_window_3, aquarium_window_corner, aquarium_window_fake,
          aquarium_window_1, aquarium_view_2e, aquarium_balcony_5a,
          aquarium_pool_S, basic_altar,
          dreamdust_ecumenical_altar_hidden_monk_grotto, minmay_misc_feat_tower,
          uniq_robin, uniq_jessica
D:3:      layout_rooms, slow_altar_2, serial_curves, eino_curves_01,
          eino_curves_01, uniq_ijyb
D:5:      layout_basic, mainiacjoe_overflow_six_doors_small, uniq_pikel,
          uniq_menkaure, uniq_blork_the_orc

Skill      XL: |  1  2  3  4  5 |
---------------+----------------+-----
Conjurations   | 2 3 4 |  4.0
Hexes          | 1 3 |  3.1
Spellcasting   | 5 |  5.1
Transmutations | 3 |  3.5
Dodging        | |  2.4
Stealth        | |  2.4
Summonings     | |  1.1
Translocations | |  1.1

Action                   |  1- 3 |  4- 6 || total
-------------------------+-------+-------++-------
Melee: Dagger            |     2 |       ||     2
       Short sword       |       |    41 ||    41
 Cast: Magic Dart        |    74 |   135 ||   209
       Dazzling Flash    |       |     2 ||     2
       Stone Arrow       |       |     1 ||     1
  Use: Scroll            |     1 |     8 ||     9
       Potion            |       |     4 ||     4
Armor: Robe              |     1 |    11 ||    12
       Animal skin       |       |    21 ||    21
Dodge: Dodged            |     1 |    37 ||    38

Table legend: (Time is in decaauts)
 A = Elapsed time spent in this place.
 B = Non-inter-level travel time spent in this place.
 C = Inter-level travel time spent in this place.
 D = Time resting spent in this place.
 E = Time spent auto-exploring this place.
 F = Levels seen in this place.
 G = Mean time per level.
                   A        B        C        D        E       F      G
               +--------+--------+--------+--------+--------+-----+--------+
         Total |   5037 |   4935 |    102 |   1443 |   2908 |   4 | 1259.2 |
       Dungeon |   5037 |   4935 |    102 |   1443 |   2908 |   4 | 1259.2 |
               +--------+--------+--------+--------+--------+-----+--------+

Top non-repeatable levels by time:
     D:2: 2631 daAuts
     D:1: 1404 daAuts
     D:3: 633 daAuts
     D:5: 368 daAuts
